 Dungeon Crawl Stone Soup version 0.26-b1-45-g23770d1d51 (webtiles) character file.

Game seed: 9861820354973074828

16695 Delamore the Basher (level 12, -1/76 HPs)
             Began as a Gargoyle Fighter on Jan 6, 2021.
             Was a High Priest of Okawaru.
             Slain by a komodo dragon (13 damage)
             ... on level 2 of the Lair of Beasts.
             The game lasted 00:15:13 (14897 turns).

Delamore the Basher (Gargoyle Fighter)             Turns: 14897, Time: 00:15:13

Health: -1/76      AC: 23    Str: 30    XL:     12   Next: 40%
Magic:  12/12      EV:  7    Int: 10    God:    Okawaru [*****.]
Gold:   721        SH: 12    Dex:  9    Spells: 11/11 levels left

rFire    . . .     SeeInvis .   y - +4 flail
rCold    . . .     Faith    +   c - +0 kite shield
rNeg     + . .     Spirit   .   O - +0 chain mail
rPois    ∞         Reflect  .   J - +1 helmet
rElec    +         Harm     .   s - +0 cloak
rCorr    .         Rampage  .   I - +0 pair of gloves
Will     .....                  u - +0 pair of boots
Stlth    ..........             b - amulet of faith
HPRegen  0.22/turn              (no ring)
MPRegen  0.13/turn              v - +6 ring of strength

@: no status effects
A: negative energy resistance 1, electricity resistance, unbreathing,
petrification resistance, miasma immunity, AC +8
a: Renounce Religion, Heroism, Finesse


You were on level 2 of the Lair of Beasts.
You worshipped Okawaru.
Okawaru was extremely pleased with you.
You visited 3 branches of the dungeon, and saw 13 of its levels.
You also visited: Sewer.

You collected 721 gold pieces.

Inventory:

Hand Weapons
 y - a +4 flail (weapon)
Missiles
 k - 5 silver javelins
 w - 4 atropa-tipped darts
 x - 56 poisoned darts (quivered)
 R - 5 javelins
Armour
 c - a +0 kite shield (worn)
 s - a +0 cloak (worn)
 u - a +0 pair of boots (worn)
 I - a +0 pair of gloves (worn)
 J - a +1 helmet (worn)
 O - a +0 chain mail (worn)
Jewellery
 b - an amulet of faith (around neck)
 v - a +6 ring of strength (right hand)
Wands
 r - a wand of polymorph (17)
 t - a wand of disintegration (14)
 F - a wand of flame (20)
 L - a wand of enslavement (9)
Scrolls
 a - 2 scrolls of blinking {unknown}
 e - 6 scrolls of teleportation
 h - 2 scrolls of amnesia
 j - 3 scrolls of immolation
 l - a scroll of noise
 m - 2 scrolls of fear
 p - 8 scrolls of remove curse
 E - 2 scrolls of enchant weapon
 G - 2 scrolls of fog
 H - 2 scrolls of enchant armour
 N - a scroll of holy word
 P - a scroll of identify
 Q - a scroll of summoning
Potions
 d - a potion of might
 f - 5 potions of lignification {unknown}
 g - a potion of mutation {unknown}
 i - 5 potions of curing
 n - 2 potions of invisibility {unknown}
 o - a potion of cancellation {unknown}
 q - 3 potions of attraction {unknown}
 z - a potion of berserk rage {unknown}
 A - 4 potions of haste {unknown}
 B - a potion of brilliance {unknown}
 C - a potion of magic {unknown}
 D - 3 potions of flight {unknown}
 K - 3 potions of resistance {unknown}
 M - 15 potions of degeneration
 S - 7 potions of ambrosia
 T - a potion of heal wounds {unknown}


   Skills:
 + Level 9.4 Fighting
 + Level 14.9 Maces & Flails
 - Level 5.0 Throwing
 - Level 3.2 Armour
 + Level 9.4 Shields


You had 11 spell levels left.
You didn't know any spells.
Your spell library contained the following spells:

 Spells                   Type           Power        Failure   Level
 Irradiate                Conj/Tmut      0%           100%        5
 Hydra Form               Tmut           0%           100%        6
 Dragon Form              Tmut           0%           100%        7
 Statue Form              Tmut/Erth      Unusable     N/A         6

Dungeon Overview and Level Annotations

Branches:
Dungeon (10/15)            Temple (1/1) D:6            Lair (2/6) D:10
    Orc (0/2) D:10          Sewer (visited)
  Swamp: Lair:2-4    Shoals: Lair:2-4     Snake: Lair:2-4    Spider: Lair:2-4

Altars:
Dithmenos
Elyvilon
Fedhas
Hepliaklqana
Kikubaaqudgha
Makhleb
Nemelex Xobeh
Okawaru
Qazlal
Ru
Sif Muna
Trog
Uskayaw
Vehumet
Wu Jian
Xom
Yredelemnul
Zin
The Shining One


Innate Abilities, Weirdness & Mutations

You are resistant to torment.
Your stone body is resilient. (AC +8)
You are immune to poison.
You resist negative energy. (rN+)
You are resistant to electric shocks. (rElec)
You can survive without breathing.
You are immune to petrification.
You are immune to miasma.


Message History

You block the komodo dragon's attack.
You hit the komodo dragon but do no damage.
The komodo dragon is severely wounded.
You hit the komodo dragon but do no damage.
The komodo dragon is severely wounded.
The komodo dragon bites you!!
You are too injured to fight recklessly!
You are too injured to fight recklessly!
You are too injured to fight recklessly!
A komodo dragon is nearby!
A komodo dragon is nearby!
You are too injured to fight recklessly!
You closely miss the komodo dragon.
The komodo dragon is severely wounded.
The komodo dragon bites you!!
* * * LOW HITPOINT WARNING * * *
You hit the komodo dragon.
The komodo dragon is almost dead.
The komodo dragon bites you!
You die...

........................
........................
........................
........................
#.......#.#.#.#.........
................#.......
........#####...........
........# #...##......
.......@# ##P###......
..(....l# ### #......
.:/...... #......
..P≈P#≈.≈. #......
..#P≈≈≈≈#.. #......
#.#≈≈≈≈≈≈.P# #......
#.≈#≈≈≈≈#..# #......
#.≈#≈≈≈≈..## #......
#......


You could see a komodo dragon.

Vanquished Creatures
  3 hydras
  A two-headed ogre (D:10)
  A centaur warrior (D:9)
  An ogre mage (D:10)
  A death knight (D:9)
  A tengu warrior (D:10)
  An unseen horror (D:10)
  Joseph (D:8)
  2 rime drakes (Lair:1)
  3 komodo dragons
  A troll (D:9)
  A queen bee (D:9)
  Grinder (D:6)
  A wraith (D:10)
  A wyvern (D:7)
  9 yaks
  4 fire bats (Lair:2)
  4 water moccasins (Lair:2)
  3 orc warriors
  2 ice beasts
  A swamp drake (D:10)
  3 phantoms
  A hornet zombie (D:9)
  8 ogres
  A necrophage (D:9)
  5 wolves (Lair:2)
  4 centaurs
  A big kobold (D:8)
  9 bullfrogs
  A wyvern zombie (D:10)
  A gnoll sergeant (D:7)
  2 scorpions (D:10)
  33 killer bees
  A bullfrog zombie (D:8)
  2 quasits
  A gnoll shaman (D:4)
  4 orc priests (D:10)
  6 hounds
  4 orc wizards
  Crazy Yiuf (D:2)
  A centaur skeleton (D:9)
  Jessica (D:2)
  4 iguanas
  Ijyb (D:5)
  Terence (D:2)
  Natasha (thrice) (D:2)
  3 worker ants
  A killer bee zombie (D:8)
  A hound zombie (D:10)
  2 hound skeletons
  7 gnolls
  4 worker ant zombies
  14 adders
  A shadow imp (D:5)
  4 white imps
  A worker ant simulacrum (D:9)
  An ooze (D:1)
  An adder skeleton (D:4)
  A worm (D:2)
  6 dart slugs
  3 leopard geckos
  24 orcs
  4 ball pythons
  5 giant cockroaches
  7 goblins
  6 hobgoblins
  17 jackals
  23 kobolds
  5 quokkas
  8 bats
  5 frilled lizards
  A quokka skeleton (D:6)
  2 quokka zombies
  7 rats
  2 fire vortices (Lair:2)
308 creatures vanquished.

Vanquished Creatures (others)
  Maurice (D:8)
  3 fungi
  17 plants
21 creatures vanquished.

Grand Total: 329 creatures vanquished

Notes
Turn   | Place    | Note
-------+----------+-------------------------------------------
     0 | D:1      | Delamore the Gargoyle Fighter began the quest for the Orb.
     0 | D:1      | Reached XP level 1. HP: 14/14 MP: 1/1
    39 | D:1      | Reached XP level 2. HP: 17/19 MP: 2/2
   377 | D:1      | Reached XP level 3. HP: 24/24 MP: 3/3
  1063 | D:2      | Reached XP level 4. HP: 21/29 MP: 4/4
  1182 | D:2      | Reached skill level 3 in Maces & Flails
  1224 | D:2      | Noticed Terence
  1232 | D:2      | Killed Terence
  1280 | D:2      | Found a runed translucent door.
  1281 | D:2      | Noticed Crazy Yiuf
  1367 | D:2      | Reached XP level 5. HP: 34/34 MP: 5/5
  1414 | D:2      | Noticed Natasha
  1433 | D:2      | Killed Natasha
  1447 | D:2      | Noticed Natasha
  1459 | D:2      | Killed Natasha
  1480 | D:2      | Noticed Jessica
  1492 | D:2      | Killed Jessica
  1679 | D:2      | Found an ornate altar of the Wu Jian Council.
  1750 | D:2      | Noticed Natasha
  1758 | D:2      | Killed Natasha
  1759 | D:2      | Reached XP level 6. HP: 40/40 MP: 6/6
  1796 | D:2      | Killed Crazy Yiuf
  1797 | D:2      | Reached skill level 5 in Fighting
  1797 | D:2      | Reached skill level 4 in Maces & Flails
  1797 | D:2      | Reached skill level 5 in Shields
  2563 | D:3      | Reached skill level 5 in Maces & Flails
  2675 | D:4      | Reached XP level 7. HP: 10/44 MP: 7/7
  2783 | D:4      | Reached skill level 6 in Maces & Flails
  2933 | D:4      | Found a glowing drain.
  2941 | Sewer    | Entered a sewer
  3812 | D:4      | Reached skill level 7 in Maces & Flails
  4127 | D:5      | Entered Level 5 of the Dungeon
  4315 | D:5      | Noticed Ijyb
  4320 | D:5      | Killed Ijyb
  4321 | D:5      | Reached XP level 8. HP: 49/49 MP: 8/8
  4439 | D:5      | Reached skill level 8 in Maces & Flails
  5089 | D:6      | Found a staircase to the Ecumenical Temple.
  5114 | Temple   | Entered the Ecumenical Temple
  5134 | Temple   | Became a worshipper of Warmaster Okawaru
  5176 | D:6      | Noticed Grinder
  5195 | D:6      | Killed Grinder
  5196 | D:6      | Reached skill level 9 in Maces & Flails
  5713 | D:6      | Reached skill level 10 in Maces & Flails
  5713 | D:6      | Noticed a +0 hand axe
  5714 | D:6      | Found a hide-covered altar of Uskayaw.
  5714 | D:6      | Noticed a +0 hand axe
  6369 | D:7      | Found a blossoming altar of Fedhas.
  6511 | D:7      | Reached XP level 9. HP: 54/54 MP: 9/9
  6802 | D:7      | Reached * piety under Okawaru
  7162 | D:8      | Reached skill level 11 in Maces & Flails
  7230 | D:8      | Noticed Maurice
  7256 | D:8      | Killed Maurice
  7839 | D:8      | Reached skill level 12 in Maces & Flails
  7931 | D:8      | Noticed Joseph
  7939 | D:8      | Reached ** piety under Okawaru
  7955 | D:8      | Killed Joseph
  8369 | D:9      | Noticed a komodo dragon
  8379 | D:9      | Killed a komodo dragon
  8380 | D:9      | Reached XP level 10. HP: 59/59 MP: 10/10
  8381 | D:9      | Noticed a centaur warrior
  8404 | D:9      | Killed a centaur warrior
  8405 | D:9      | Reached skill level 13 in Maces & Flails
  8477 | D:9      | Noticed a death knight
  8513 | D:9      | Killed a death knight
  8513 | D:9      | Reached *** piety under Okawaru
  8808 | D:9      | Reached skill level 14 in Maces & Flails
  9030 | D:9      | Found a shadowy altar of Dithmenos.
  9031 | D:9      | Found a shimmering blue altar of Sif Muna.
  9032 | D:9      | Found a stormy altar of Qazlal.
  9032 | D:9      | Found a basalt altar of Yredelemnul.
  9053 | D:9      | Reached skill level 1 in Throwing
  9493 | D:8      | Reached **** piety under Okawaru
  9515 | D:8      | Received a gift from Okawaru
  9638 | D:9      | Reached XP level 11. HP: 33/64 MP: 11/11
 10275 | D:9      | Noticed a cyclops
 10557 | D:10     | Entered Level 10 of the Dungeon
 10664 | D:10     | Received a gift from Okawaru
 10892 | D:10     | Found a staircase to the Lair.
 11011 | D:10     | Found a staircase to the Orcish Mines.
 11024 | D:10     | Noticed a tengu warrior
 11535 | D:10     | Noticed an ogre mage
 11543 | D:10     | Killed an ogre mage
 11672 | D:10     | Killed an unseen horror
 11672 | D:10     | Reached ***** piety under Okawaru
 11672 | D:10     | Received a gift from Okawaru
 11889 | D:10     | Noticed a two-headed ogre
 11915 | D:10     | Killed a two-headed ogre
 12041 | D:10     | HP: 2/68 [tengu warrior/+0 war axe (10)]
 12047 | D:10     | Killed a tengu warrior
 12047 | D:10     | Received a gift from Okawaru
 12047 | D:10     | Received a gift from Okawaru
 12429 | D:10     | Reached skill level 5 in Throwing
 12607 | D:10     | Received a gift from Okawaru
 12778 | Lair:1   | Entered Level 1 of the Lair of Beasts
 13001 | Lair:1   | Noticed a seven-headed hydra
 13010 | Lair:1   | Killed a seven-headed hydra
 13010 | Lair:1   | Received a gift from Okawaru
 13011 | Lair:1   | Reached XP level 12. HP: 49/75 MP: 12/12
 13183 | Lair:1   | Noticed a four-headed hydra
 13199 | Lair:1   | Killed a four-headed hydra
 13199 | Lair:1   | Received a gift from Okawaru
 13988 | Lair:2   | Noticed a seven-headed hydra
 14009 | Lair:2   | Killed a seven-headed hydra
 14295 | Lair:2   | Received a gift from Okawaru
 14897 | Lair:2   | Slain by a komodo dragon

Illustrated notes

Levels and vault maps discovered:
D:1:      arrival_zaba_pyramid, layout_basic, minmay_misc_feat_columns,
          minmay_heptomino_o4
D:2:      layout_basic, nicolae_overflow_hidden_temple,
          nzn_wu_jian_contemplation, grunt_ministairs_2, kennysheep_nondescript,
          minmay_misc_feat_room, uniq_terence, uniq_crazy_yiuf_cottage,
          uniq_natasha, uniq_jessica
D:3:      layout_rooms
D:4:      layout_rooms, gup_sewer_entry_bubbles
D:5:      layout_basic, uniq_ijyb
D:6:      layout_layer_cave, dancing_weapons_uskayaw,
          minmay_temple_entry_stoned_glass, uniq_grinder
D:7:      layout_basic, lemuel_coloured_pillars_altar, minmay_misc_feat_hallway
D:8:      layout_gridville, kennysheep_cross_bottleneck, uniq_joseph,
          uniq_maurice
D:9:      layout_roguey, grunt_temple_overflow_open, special_room
          [special_room_bee], hangedman_weighted_door, minmay_evil_grid
D:10:     minmay_thick_lines, layout_cave_pools, dpeg_oklobed_lair, erik_orc_1
Temple:   eino_temple_lava
Lair:1:   layout_regular_city, lemuel_fruit_fields
Lair:2:   layout_gridlike, spider_nest_entry_web_field

Skill      XL: |  1  2  3  4  5  6  7  8  9 10 11 12 |
---------------+-------------------------------------+-----
Shields        | 4 5 6 8 9 |  9.4
Fighting       | 4 5 6 8 9 |  9.4
Maces & Flails | 3 5 7 10 12 14 | 14.9
Throwing       | 2 5 |  5.0
Armour         | |  3.2

Action                   |  1- 3 |  4- 6 |  7- 9 | 10-12 || total
-------------------------+-------+-------+-------+-------++-------
Melee: Flail             |   119 |   238 |   488 |   810 ||  1655
       Whip              |       |       |   132 |       ||   132
Throw: Boomerang         |       |     2 |     2 |       ||     4
       Dart              |       |       |    17 |       ||    17
Invok: Heroism           |       |       |       |     2 ||     2
Evoke: Wand              |       |       |       |     4 ||     4
  Use: Scroll            |       |       |     8 |     6 ||    14
       Potion            |       |       |       |     4 ||     4
Armor: Scale mail        |    65 |   172 |   233 |       ||   470
       Skin              |       |     2 |       |       ||     2
       Chain mail        |       |       |   133 |   624 ||   757
Dodge: Dodged            |    42 |    95 |   169 |   237 ||   543
Block: Kite shield       |    47 |   181 |   341 |   570 ||  1139
